 Dungeon Crawl Stone Soup version 0.21.1-1-g345015fe64 (webtiles) character file.

879 Gargoyl the Covered (level 7, -1/59 HPs)
             Began as a Centaur Abyssal Knight on June 1, 2018.
             Was a Priest of Lugonu.
             Slain by a sky beast (5 damage)
             ... on level 5 of the Dungeon.
             The game lasted 00:11:02 (6653 turns).

Gargoyl the Covered (Centaur Abyssal Knight)        Turns: 6653, Time: 00:11:03

Health: -1/59      AC: 11    Str: 15      XL:     7   Next: 75%
Magic:  10/10      EV:  7    Int: 10 (11) God:    Lugonu [***...]
Gold:   206        SH:  0    Dex:  8 (10) Spells: 6/6 levels left

rFire    . . .     SeeInvis .   s - +0 war axe
rCold    . . .     Gourm    .   (no shield)
rNeg     . . .     Faith    .   f - +0 chain mail
rPois    .         Spirit   .   g - +0 helmet
rElec    .         Reflect  .   (no cloak)
rCorr    .         Harm     .   m - +0 pair of gloves
MR       .....                  (no barding)
Stlth    ..........             (no amulet)
HPRegen  0.19/turn              b - ring of flight
MPRegen  0.12/turn              l - +2 ring of evasion

@: lethally poisoned (-1 -> -2), very quick
A: large, hooves 3, deformed body, speed 2, tough skin 3
a: Depart the Abyss, Bend Space, Banish, Renounce Religion, Evoke Flight


You were on level 5 of the Dungeon.
You worshipped Lugonu.
Lugonu was most pleased with you.
You were not hungry.

You visited 1 branch of the dungeon, and saw 5 of its levels.
You visited the Abyss 1 time.

You collected 206 gold pieces.

Inventory:

Hand Weapons
 a - a +1 hand axe
 s - a +0 war axe (weapon)
Armour
 f - a +0 chain mail (worn)
 g - a +0 helmet (worn)
 m - a +0 pair of gloves (worn)
Jewellery
 b - a ring of flight (left hand)
 l - a +2 ring of evasion (right hand)
Scrolls
 d - 3 scrolls of identify
 n - a scroll of teleportation
 o - 2 scrolls of remove curse
 p - a scroll of immolation {unknown}
Potions
 h - a potion of curing
 i - a potion of invisibility
 j - 3 potions of heal wounds
 k - a potion of lignification {unknown}
 r - a potion of haste
Books
 e - a book of Misfortune

   Spells                             Type                      Level
   a - Confusing Touch                Hexes                        1
   b - Confuse                        Hexes                        3
   c - Gell's Gravitas                Translocation                3
   d - Petrify                        Transmutation/Earth          4
   e - Metabolic Englaciation         Hexes/Ice                    5
   f - Yara's Violent Unravelling     Hexes/Transmutation          5
Comestibles
 c - 8 rations


   Skills:
 + Level 4.1 Fighting
 + Level 4.3 Axes
 * Level 4.6 Armour
 + Level 1.1 Dodging
 * Level 4.3 Invocations


You had 6 spell levels left.
You didn't know any spells.

Dungeon Overview and Level Annotations

Branches:
Dungeon (5/15)
 Temple: D:4-7

Altars:

Annotations:
D:5 Gargoyl's ghost, novice CeAK


Innate Abilities, Weirdness & Mutations

You have hooves in place of feet.
Armour fits poorly on your strangely shaped body.
You cover ground very quickly.
You have extremely tough skin. (AC +3)


Message History

You hit the sky beast but do no damage.
You feel sick.
The sky beast hits you but does no damage.
You slash the sky beast!
The sky beast is moderately wounded.
The sky beast flickers out of sight!
Deactivating autopickup; reactivate with Ctrl-A.
Something hits you. Something shocks you.
You closely miss something.
You feel sick. Something hits you but does no damage.
You miss something. You kick something! Something hits you.
Something shocks you.
* * * LOW HITPOINT WARNING * * *
Something hits you.
* * * LOW HITPOINT WARNING * * *
Something shocks you.
* * * LOW HITPOINT WARNING * * *
You feel sick. Something hits you.
* * * LOW HITPOINT WARNING * * *
Something shocks you.
You die...

...................
....>##
######..#.......... .
#### #..###.####..# ...#
#..# #.# .. ...####.#
#.# .# ........###.# .#
...####..##.#####.# #
...............{.<#..##.
...#####.##.....@.......
#### #.##..####.#..##.
#..#..# #.# #
#########.#..# #.#
...........W.# #.#
.............# #.#
.............# #.#
......####...# #.#
......# #...# #.#


There were no monsters in sight!

Vanquished Creatures
  2 ogres
  A phantom (D:5)
  A crimson imp (D:5)
  2 bullfrog zombies
  A hound (D:4)
  2 centaur skeletons
  An orc priest (D:4)
  2 orc wizards (D:4)
  Natasha (D:3)
  2 worker ants (D:5)
  A hound zombie (D:5)
  Robin (D:3)
  6 adders
  4 gnolls
  A shadow imp (D:5)
  4 oozes
  3 worms
  3 dart slugs (D:1)
  3 leopard geckos
  11 orcs
  6 giant cockroaches
  20 goblins
  12 hobgoblins
  12 jackals
  7 kobolds
  3 quokkas
  7 bats
  2 frilled lizards
  2 leopard gecko skeletons
  A quokka zombie (D:5)
  11 rats
135 creatures vanquished.

Notes
Turn   | Place    | Note
-------+----------+-------------------------------------------
     0 | Abyss:1  | Gargoyl the Centaur Abyssal Knight began the quest for the Orb.
     0 | Abyss:1  | Reached XP level 1. HP: 19/19 MP: 2/2
   126 | Abyss:2  | Noticed a worldbinder
   127 | D:1      | Escaped the Abyss
   259 | D:1      | Reached * piety under Lugonu
   337 | D:1      | Reached XP level 2. HP: 24/26 MP: 3/3
   704 | D:1      | Reached XP level 3. HP: 31/31 MP: 5/5
  1314 | D:2      | Reached ** piety under Lugonu
  1727 | D:2      | Reached XP level 4. HP: 38/38 MP: 6/6
  2050 | D:3      | Noticed Natasha
  2055 | D:3      | Killed Natasha
  2256 | D:3      | Reached XP level 5. HP: 44/45 MP: 7/7
  2310 | D:3      | Noticed Robin
  2319 | D:3      | Killed Robin
  2354 | D:3      | Reached *** piety under Lugonu
  2502 | D:3      | Reached skill level 1 in Dodging
  3204 | D:4      | Noticed an ogre
  3543 | D:4      | Reached XP level 6. HP: 44/52 MP: 8/8
  4105 | D:4      | You fall through a shaft!
  4105 | D:5      | Entered Level 5 of the Dungeon
  4703 | D:5      | Noticed Gargoyl's ghost (novice CeAK)
  4728 | D:5      | Reached XP level 7. HP: 57/58 MP: 2/9
  6653 | D:5      | Slain by a sky beast

Skill      XL: |  1  2  3  4  5  6  7 |
---------------+----------------------+-----
Axes           | 2 3 4 |  4.3
Armour         | 2 3 4 |  4.6
Invocations    | 3 4 |  4.3
Dodging        | 1 |  1.1
Fighting       | 4 |  4.1

Action                   |  1- 3 |  4- 6 |  7- 9 || total
-------------------------+-------+-------+-------++-------
Melee: Hand axe          |   101 |   251 |    55 ||   407
       Kick              |    18 |    47 |    21 ||    86
       War axe           |       |       |    60 ||    60
Invok: Depart the Abyss  |     1 |       |       ||     1
       Banish            |       |     2 |       ||     2
  Use: Scroll            |     4 |       |     4 ||     8
       Potion            |       |     4 |     3 ||     7
 Stab: Invisible         |       |     1 |       ||     1
  Eat: Chunk             |       |    10 |     5 ||    15
       Ration            |       |       |     1 ||     1
Armor: Chain mail        |    85 |   188 |    89 ||   362
Dodge: Dodged            |    30 |    63 |    36 ||   129
